 Dungeon Crawl Stone Soup version 0.29-a0-598-gd8304a5bf4 (webtiles) character file.

Game seed: 2585505321197206246

49 RancidPinata the Cudgeller (level 3, -1/22 HPs)
             Began as a Gargoyle Gladiator on June 15, 2022.
             Was an Initiate of Okawaru.
             Slain by an iguana (11 damage)
             ... on level 4 of the Dungeon.
             The game lasted 00:05:38 (1382 turns).

RancidPinata the Cudgeller (Gargoyle Gladiator)     Turns: 1382, Time: 00:05:38

Health: -1/22      AC: 11    Str: 19    XL:     3   Next: 77%
Magic:  3/3        EV: 11    Int:  8    God:    Okawaru [......]
Gold:   70         SH:  0    Dex: 11    Spells: 1/2 levels left

rFire   . . .      SeeInvis .   h - +1 mace (holy)
rCold   . . .      Faith    .   (no shield)
rNeg    + . .      Spirit   .   i - +0 ring mail
rPois   ∞          Reflect  .   c - +0 helmet
rElec   +          Harm     .   (no cloak)
rCorr   .          Rampage  .   (no gloves)
Will    .....                   o - +1 pair of boots
Stlth   +.........              (no amulet)
HPRegen 0.07/turn               (no ring)
MPRegen 0.08/turn               (no ring)

@: no status effects
A: sickness immunity, AC +3, negative energy resistance 1, electricity
resistance, torment resistance 1, petrification resistance
a: Renounce Religion


You were on level 4 of the Dungeon.
You worshipped Okawaru.
Okawaru was noncommittal.
You visited 1 branch of the dungeon, and saw 4 of its levels.

You collected 70 gold pieces.

Inventory:

Hand Weapons
 a - a +0 flail
 h - a +1 mace of holy wrath (weapon)
Missiles
 b - 19 stones
 d - 3 throwing nets (quivered)
 e - 7 javelins
 m - 7 poisoned darts
Armour
 c - a +0 helmet (worn)
 i - a +0 ring mail (worn)
 o - a +1 pair of boots (worn)
Scrolls
 g - 2 scrolls of teleportation {unknown}
 j - a scroll of identify {unknown}
 k - 2 scrolls of enchant weapon {unknown}
 l - a scroll of noise {unknown}
Potions
 f - 2 potions of mutation {unknown}
 n - a potion of curing {unknown}
 p - a potion of lignification {unknown}
 q - a potion of flight {unknown}


   Skills:
 * Level 2.8 Fighting
 * Level 3.6 Maces & Flails
 + Level 2.0 Throwing
 + Level 0.8 Armour
 + Level 2.6 Dodging
 + Level 0.9 Earth Magic


You had one spell level left.
You knew the following spells:

 Your Spells              Type           Power      Damage    Failure   Level
a - Sandblast             Erth           2%         2d4       47%         1

Your spell library contained the following spells:

 Spells                   Type           Power      Damage    Failure   Level
 Passwall                 Tmut/Erth      0%         N/A       67%         2
 Stone Arrow              Conj/Erth      0%         3d7       88%         3
 Dazzling Flash           Conj/Hex       0%         N/A       92%         3
 Agony                    Necr           0%         N/A       100%        5
 Silence                  Hex/Air        0%         N/A       100%        5


Dungeon Overview and Level Annotations

Branches:
Dungeon (4/15)
 Temple: D:4-7

Altars:
Okawaru

Shops:
D:1 :


Innate Abilities, Weirdness & Mutations

You are immune to sickness and miasma.
Your stone body is resilient. (AC +3)
You are immune to poison.
You resist negative energy. (rN+)
You are resistant to electric shocks. (rElec)
You are resistant to unholy torment.
You are immune to petrification.


Message History

The adder barely misses you.
You hit the adder.
You kill the adder!
Okawaru accepts your kill.
You barely miss the kobold. The kobold misses you.
The kobold closely misses you.
You closely miss the kobold. The kobold barely misses you.
You hit the kobold.
The kobold is moderately wounded.
The kobold hits you but does no damage.
You closely miss the kobold.
The kobold is moderately wounded.
The kobold misses you.
You hit the kobold.
You kill the kobold!
Okawaru accepts your kill.
There is an open door, spattered with blood here.
Things that are here:
a +0 club; a kobold corpse; an adder corpse You start resting.
HP restored.
Found a falchion.
An iguana comes into view.
The iguana hisses angrily.
You see here a +0 falchion.
The iguana bites you but does no damage.
You closely miss the iguana. The iguana barely misses you.
You barely miss the iguana. The iguana barely misses you.
You hit the iguana but do no damage. The iguana bites you!
You hit the iguana but do no damage. The iguana bites you.
You barely miss the iguana. The iguana misses you.
The iguana barely misses you.
You hit the iguana.
The iguana is lightly wounded.
The iguana misses you.
You hit the iguana.
The iguana is moderately wounded.
The iguana bites you!
Ouch! That really hurt!
You die...

##### #...# ###...###
##############.......#
#........@l.....)....#
..#.......#####.......#
#.......# ###...###
#.......# #...#
#.......# ##.##
#.#.......# ..
#........# .#.
#####.#### ...# ##)##


You could see an iguana.

Vanquished Creatures
  An adder (D:4)
  A worm (D:2)
  2 dart slugs (D:2)
  6 bats
  2 endoplasms (D:2)
  A giant cockroach (D:2)
  2 goblins (D:1)
  2 hobgoblins
  4 jackals (D:2)
  3 kobolds
  3 ball pythons
  2 frilled lizards (D:1)
  3 rats (D:2)
32 creatures vanquished.

Notes
Turn   | Place    | Note
-------+----------+-------------------------------------------
     0 | D:1      | RancidPinata the Gargoyle Gladiator began the quest for the
                  | Orb.
     0 | D:1      | Reached XP level 1. HP: 12/12 MP: 1/1
   304 | D:1      | Reached XP level 2. HP: 18/18 MP: 2/2
   306 | D:1      | Learned a level 1 spell: Sandblast
   473 | D:1      | Found Plog's Book Boutique.
   604 | D:2      | Found an iron altar of Okawaru.
   624 | D:2      | Became a worshipper of Warmaster Okawaru
   833 | D:2      | Reached XP level 3. HP: 22/22 MP: 3/3
   940 | D:2      | Found a faded altar of an unknown god.
  1382 | D:4      | Slain by an iguana

Illustrated notes

Levels and vault maps discovered:
D:1:      minmay_arrival_wavy_path, layout_basic, serial_shops,
          nicolae_shop_crystal, minmay_misc_feat_diagonals, minmay_distorted
D:2:      layout_rooms, ebering_ecumenical_altar_hall, basic_altar
D:3:      layout_loops_corners, mainiacjoe_overflow_two_lobes,
          minmay_gold_behind_fungi, uniq_sigmund, uniq_terence, uniq_natasha,
          uniq_grinder, uniq_pargi, uniq_robin
D:4:      layout_loops_corners, mainiacjoe_overflow_brackets,
          minmay_temple_entry_wispy

Skill      XL: |  1  2 |
---------------+-------+-----
Throwing       | 2 |  2.0
Fighting       | |  2.8
Maces & Flails | |  3.6
Armour         | |  0.8
Dodging        | |  2.6
Earth Magic    | |  0.9

Action                   || total
-------------------------++-------
Melee: Mace              ||    94
       Flail             ||     4
       Punch             ||     2
Armor: Ring mail         ||    57
       Leather armour    ||     1
Dodge: Dodged            ||    80

Table legend: (Time is in decaauts)
 A = Elapsed time spent in this place.
 B = Non-inter-level travel time spent in this place.
 C = Inter-level travel time spent in this place.
 D = Time resting spent in this place.
 E = Time spent auto-exploring this place.
 F = Levels seen in this place.
 G = Mean time per level.
                   A        B        C        D        E       F      G
               +--------+--------+--------+--------+--------+-----+--------+
         Total |   1403 |   1357 |     46 |    226 |    611 |   4 |  350.8 |
       Dungeon |   1403 |   1357 |     46 |    226 |    611 |   4 |  350.8 |
               +--------+--------+--------+--------+--------+-----+--------+

Top non-repeatable levels by time:
     D:2: 623 daAuts
     D:1: 608 daAuts
     D:4: 165 daAuts
     D:3: 6 daAuts
